 Dungeon Crawl Stone Soup version 0.19-a0-1225-gf887c1c (webtiles) character file.

7510 junb69 the Destroyer (level 10, -9/85 (86) HPs)
             Began as a Yellow Draconian Venom Mage on Aug 25, 2016.
             Was an Elder of Vehumet.
             Killed from afar by an efreet (46 damage)
             ... with a bolt of fire
             ... while paralysed by Rupert
             ... on level 13 of the Dungeon.
             The game lasted 00:46:52 (12554 turns).

junb69 the Destroyer (Yellow Draconian Venom Mage) Turns: 12554, Time: 00:46:54

HP:   -9/85 (86)    AC: 11    Str: 10    XL:     10   Next: 95%
MP:   20/22         EV:  2    Int: 23    God:    Vehumet [****..]
Gold: 345           SH:  0    Dex: 12    Spells: 4 memorised, 13 levels left

rFire  x . .     SeeInvis .     c - +10 whip "Jouruy" {slash, rPois rF- Int+4}
rCold  . . .     Gourm    .     (armour unavailable)
rNeg   . . .     Faith    .     (no shield)
rPois  +         Spirit   .     (helmet restricted)
rElec  .         Dismiss  .     C - +0 cloak
rCorr  +         Reflect  .     w - +0 pair of gloves (curse)
MR     .....     Harm     .     (no boots)
Stlth  ++........               x - amulet of magic regeneration
                                q - +2 ring of slaying
                                g - +2 ring of protection

@: paralysed
A: spit acid, acid resistance, unfitting armour, cold-blooded, AC +7
a: Spit Acid, Renounce Religion


You were on level 13 of the Dungeon.
You worshipped Vehumet.
Vehumet was greatly pleased with you.
You were not hungry.

You visited 3 branches of the dungeon, and saw 13 of its levels.
You also visited: Sewer.

You collected 448 gold pieces.
You spent 103 gold pieces at shops.

Inventory:

Hand Weapons
 c - the +10 whip "Jouruy" (weapon) {slash, rPois rF- Int+4}
   (You found it on level 5 of the Dungeon)

   It inflicts extra damage upon your enemies.
   It affects your intelligence (+4).
   It makes you vulnerable to fire.
   It protects you from poison.
 m - the +2 dagger of Hymympown {holy, Str+4}
   (You found it on level 5 of the Dungeon)

   It has been blessed by the Shining One to cause great damage to the undead
   and demons.
   It affects your strength (+4).
Armour
 w - a cursed +0 pair of gloves (worn)
 C - a +0 cloak (worn)
Magical Staves
 D - an uncursed staff of earth
Jewellery
 g - a +2 ring of protection (left hand)
 q - a +2 ring of slaying (right hand)
 x - an amulet of magic regeneration (around neck)
Wands
 y - a wand of lightning (7/15)
 B - a wand of iceblast (6/15)
Scrolls
 f - a scroll of remove curse
 h - 5 scrolls of teleportation
 u - a scroll of vulnerability {unknown}
 z - 2 scrolls of random uselessness {unknown}
 A - 4 scrolls of fog {unknown}
 E - a scroll of amnesia
 F - 2 scrolls of identify
 G - a scroll of recharging
Potions
 i - 3 potions of flight
 o - a potion of beneficial mutation {unknown}
 p - a potion of cure mutation {unknown}
 r - a potion of magic
 s - 3 potions of agility
 t - 3 potions of invisibility {unknown}
 v - a potion of curing
 J - 2 potions of cancellation {unknown}
Books
 a - a Young Poisoner's Handbook

   Spells                             Type                      Level
   a - Sting                          Conjuration/Poison           1
   b - Mephitic Cloud                 Conjuration/Poison/Air       3
   c - Olgreb's Toxic Radiance        Poison                       4
   d - Alistair's Intoxication        Transmutation/Poison         5
   e - Venom Bolt                     Conjuration/Poison           5
 e - a book of Enchantments

   Spells                             Type                      Level
   a - Cause Fear                     Hexes                        4
   b - Yara's Violent Unravelling     Hexes/Transmutation          5
   c - Silence                        Hexes/Air                    5
   d - Deflect Missiles               Charms/Air                   6
   e - Haste                          Charms                       6
   f - Discord                        Hexes                        8
 j - a book of Misfortune

   Spells                             Type                      Level
   a - Confusing Touch                Hexes                        1
   b - Confuse                        Hexes                        3
   c - Gell's Gravitas                Hexes/Translocation          3
   d - Petrify                        Transmutation/Earth          4
   e - Metabolic Englaciation         Hexes/Ice                    5
   f - Yara's Violent Unravelling     Hexes/Transmutation          5
 k - a book of Party Tricks

   Spells                             Type                      Level
   a - Summon Butterflies             Summoning                    1
   b - Apportation                    Translocation                1
   c - Tukima's Dance                 Hexes                        3
   d - Alistair's Intoxication        Transmutation/Poison         5
   e - Invisibility                   Hexes                        6
 I - a book of Cantrips

   Spells                             Type                      Level
   a - Confusing Touch                Hexes                        1
   b - Animate Skeleton               Necromancy                   1
   c - Summon Small Mammal            Summoning                    1
   d - Apportation                    Translocation                1
 K - a book of Annihilations

   Spells                             Type                      Level
   a - Poison Arrow                   Conjuration/Poison           6
   b - Chain Lightning                Conjuration/Air              8
   c - Lehudib's Crystal Spear        Conjuration/Earth            8
   d - Glaciate                       Conjuration/Ice              9
   e - Fire Storm                     Conjuration/Fire             9
Comestibles
 b - 7 bread rations
 d - 2 beef jerkies
 l - 5 meat rations
 n - 4 chunks of flesh
 L - a slice of pizza


   Skills:
 * Level 7.2 Fighting
 * Level 6.8 Maces & Flails
 - Level 3.9 Dodging
 - Level 1.7 Stealth
 - Level 8.0 Spellcasting
 - Level 8.1 Conjurations
 - Level 7.6 Poison Magic


You had 13 spell levels left.
You knew the following spells:

 Your Spells              Type           Power        Failure   Level  Hunger
a - Sting                 Conj/Pois      ####         1%          1    None
b - Mephitic Cloud        Conj/Pois/Air  ####....     1%          3    None
c - Venom Bolt            Conj/Pois      #####.....   2%          5    #####..
d - Conjure Flame         Conj/Fire      ####....     1%          3    None


Dungeon Overview and Level Annotations

Branches:
Dungeon (10/15)            Temple (1/1) D:5            Lair (1/6) D:8
    Orc (0/2) D:10         Vaults (0/5) D:13

Altars:
Ashenzari
Cheibriados
Dithmenos
Elyvilon
Fedhas
Gozag
Hepliaklqana
Kikubaaqudgha
Makhleb
Nemelex Xobeh
Okawaru
Qazlal
Ru
Sif Muna
Trog
Uskayaw
Vehumet
Xom
Yredelemnul
Zin
The Shining One

Shops:
D:5 [

Annotations:
D:8 George's ghost, novice MiFi
D:9 Nattefrost's ghost, journeyman OgBe
D:13 Nessos; Rupert; Sonja


Innate Abilities, Weirdness & Mutations

You can spit globs of acid.
You are resistant to acid.
Your golden yellow scales are hard. (AC +7)
Your body does not fit into most forms of armour.
You are cold-blooded and may be slowed by cold attacks.


Message History

Sonja hits the human with an uncursed short sword of venom.
The human looks as sick as possible!
Sonja barely misses the human.
Sonja hits the human but does no damage.
The human looks as sick as possible!
An iguana comes into view.
The iguana hisses angrily.
Vehumet accepts your kill.
You feel a bit more experienced.
Nessos blubbers, "Mommeee!"
The efreet gestures at you. The bolt of fire hits you!
The fire burns you terribly! The efreet hits you but does no damage.
Found a box of beasts.
Rupert seems to regain his courage.
Rupert roars wildly at you.
You suddenly lose the ability to move!
The iguana barely misses you. The efreet gestures at you.
The bolt of fire hits you! The fire burns you terribly!
Ouch! That really hurt!
You die...

#.# #...#c# #..#
##.#### #.#####...#p#
#..# ÷.....#
..........#K# .O.#
...##.# ..........#p#
#..# ...##.#
..........#.# #..#
#.###(# .........§#.#
#.#
#.pc..........R#.#####
#.#
###....∩<..@l........#
#.#
p...<>.W.@##..###.#
#.. .........##..# ##
.p.......##....
........##.####
............
......}..#..
####........ #######


You could see Rupert, an efreet, a human (fleeing), a wraith and an iguana.

Vanquished Creatures
  An ironbrand convoker (D:13)
  A deep elf mage (D:13)
  A kobold demonologist (D:13)
  2 two-headed ogres
  A blink frog (Lair:1)
  4 humans (D:13)
  A wyvern (D:8)
  3 yaks (D:9)
  4 vampire mosquitoes (D:13)
  A water moccasin (D:8)
  3 orc warriors
  2 necrophages
  5 sky beasts
  2 ice beasts
  A phantom (D:9)
  A centaur (D:8)
  5 ogres
  8 giant frogs
  4 killer bees (D:9)
  18 wights
  A howler monkey (D:4)
  A giant frog zombie (D:9)
  4 crimson imps
  A gnoll shaman (D:5)
  A jelly (D:5)
  5 hounds
  An orc priest (D:8)
  2 orc wizards (D:8)
  An iguana (D:4)
  6 worker ants
  A hound zombie (D:3)
  2 worker ant zombies
  3 gnolls (D:5)
  16 adders
  2 river rats (D:6)
  4 oozes
  An adder zombie (D:5)
  2 adder skeletons
  8 worms
  2 dart slugs
  8 giant geckos
  24 orcs
  12 bats
  8 giant cockroaches
  4 goblins
  8 hobgoblins
  10 jackals
  10 kobolds
  A quokka (D:7)
  4 ball pythons
  A giant gecko skeleton (D:6)
  4 giant newts
  4 jackal zombies
  10 rats
240 creatures vanquished.

Vanquished Creatures (collateral kills)
  A human (D:13)
1 creature vanquished.

Grand Total: 241 creatures vanquished

Notes
Turn   | Place    | Note
-------+----------+-------------------------------------------
     0 | D:1      | junb69 the Draconian Venom Mage began the quest for the Orb.
     0 | D:1      | Reached XP level 1. HP: 14/14 MP: 3/3
   259 | D:1      | Reached skill level 1 in Conjurations
   522 | D:1      | Reached XP level 2. HP: 20/20 MP: 1/5
  1510 | D:2      | Reached XP level 3. HP: 26/26 MP: 3/6
  1546 | D:2      | Learned a level 3 spell: Mephitic Cloud
  2268 | D:2      | Reached XP level 4. HP: 33/33 MP: 6/8
  3700 | D:3      | Reached XP level 5. HP: 37/38 MP: 7/10
  3719 | D:3      | Learned a level 5 spell: Venom Bolt
  4503 | D:3      | Reached XP level 6. HP: 20/45 MP: 12/12
  5453 | D:4      | Reached skill level 5 in Conjurations
  5453 | D:4      | Your scales start taking on a golden yellow colour.
  5453 | D:4      | Reached XP level 7. HP: 50/50 MP: 14/14
  5840 | D:5      | Entered Level 5 of the Dungeon
  5893 | D:5      | Got a pitted dagger
  5916 | D:5      | Reached skill level 5 in Poison Magic
  5943 | D:5      | Identified the +2 dagger of Hymympown {holy, Str+4} (You found it on level 5 of the Dungeon)
  5951 | D:5      | Found a staircase to the Ecumenical Temple.
  5999 | Temple   | Entered the Ecumenical Temple
  6071 | Temple   | Became a worshipper of Vehumet
  6127 | D:5      | Got a shimmering whip
  6136 | D:5      | Identified the +10 whip "Jouruy" {slash, rPois rF- Int+4} (You found it on level 5 of the Dungeon)
  6524 | D:5      | Found Ykoky's Antique Armour Shoppe.
  6529 | D:5      | Bought a pair of gloves for 103 gold pieces
  6640 | D:5      | Reached XP level 8. HP: 57/57 MP: 9/15
  6784 | D:5      | Reached skill level 5 in Spellcasting
  6851 | D:6      | Found a glowing drain.
  6872 | D:6      | Reached * piety under Vehumet
  6872 | D:6      | Offered knowledge of Flame Tongue by Vehumet.
  6905 | Sewer    | Entered a sewer
  7448 | D:6      | Reached ** piety under Vehumet
  7448 | D:6      | Offered knowledge of Freeze by Vehumet.
  8037 | D:7      | Reached XP level 9. HP: 53/62 MP: 17/19
  8564 | D:7      | Offered knowledge of Conjure Flame by Vehumet.
  8573 | D:7      | Learned a level 3 spell: Conjure Flame
  8810 | D:8      | Found a staircase to the Lair.
  8826 | D:8      | Reached *** piety under Vehumet
  8960 | D:8      | Noticed George's ghost (novice MiFi)
  9105 | D:8      | Reached skill level 1 in Fighting
  9184 | D:8      | Reached skill level 1 in Maces & Flails
  9239 | D:8      | Offered knowledge of Dazzling Spray by Vehumet.
  9954 | D:9      | Noticed Nattefrost's ghost (journeyman OgBe)
 10075 | Lair:1   | Entered Level 1 of the Lair of Beasts
 10149 | Lair:1   | Reached XP level 10. HP: 39/74 MP: 20/22
 10329 | Lair:1   | Noticed a spiny frog
 11043 | D:10     | Entered Level 10 of the Dungeon
 11089 | D:10     | Found a staircase to the Orcish Mines.
 11683 | D:10     | You fall through a shaft for 3 floors!
 11743 | D:13     | Found a shadowy altar of Dithmenos.
 11815 | D:13     | Reached skill level 5 in Fighting
 11824 | D:13     | Reached skill level 5 in Maces & Flails
 12123 | D:13     | Noticed a soul eater
 12281 | D:13     | Noticed a red ugly thing
 12299 | D:13     | Noticed a deep elf mage
 12349 | D:13     | Killed a deep elf mage
 12349 | D:13     | Reached **** piety under Vehumet
 12468 | D:13     | Noticed Nessos
 12469 | D:13     | Found a gate to the Vaults.
 12469 | D:13     | Noticed an ironbrand convoker
 12469 | D:13     | Noticed Rupert
 12471 | D:13     | Noticed a tengu warrior
 12511 | D:13     | Noticed a phantasmal warrior
 12511 | D:13     | Noticed an orc knight
 12515 | D:13     | Killed an ironbrand convoker
 12517 | D:13     | Noticed a hill giant
 12534 | D:13     | Noticed Sonja
 12544 | D:13     | Offered knowledge of Lightning Bolt by Vehumet.
 12554 | D:13     | Paralysed by Rupert for 5 turns
 12554 | D:13     | Killed from afar by an efreet

Vault maps used:
D:1:      lemuel_arrival_muddy
D:3:      first_bread
D:5:      serial_shops, shop
D:6:      portal_sewer_entry_a, grunt_decor_one_mirror
D:8:      lair_0_dummy
D:9:      hangedman_pestilent_swarm
D:10:     david_orc_2
D:13:     kennysheep_snake, david_vaults_3, basic_altar, uniq_sonja
Temple:   grunt_wide_crystal_templ
Lair:1:   infiniplex_staircase_pool_2
Sewer:    sewer_fruit_machine

Skill      XL: |  1  2  3  4  5  6  7  8  9 10 |
---------------+-------------------------------+-----
Conjurations   | 1 2 3 5 6 8 |  8.1
Spellcasting   | 3 4 6 8 |  8.0
Poison Magic   | 6 7 |  7.6
Dodging        | 3 |  3.9
Fighting       | 2 7 |  7.2
Maces & Flails | 2 6 |  6.8
Stealth        | |  1.7

Action                   |  1- 3 |  4- 6 |  7- 9 | 10-12 || total
-------------------------+-------+-------+-------+-------++-------
Melee: Unarmed           |    60 |       |       |       ||    60
       Tailslap          |     3 |     9 |    21 |    11 ||    44
       Dagger            |       |    84 |     5 |       ||    89
       Short sword       |       |    18 |    20 |       ||    38
       Whip              |       |       |   221 |   114 ||   335
 Cast: Sting             |    74 |    86 |   124 |    41 ||   325
       Mephitic Cloud    |       |       |    20 |    17 ||    37
       Conjure Flame     |       |       |     9 |     3 ||    12
       Venom Bolt        |       |       |     1 |    10 ||    11
 Abil: Spit Acid         |       |       |     6 |       ||     6
Evoke: Wand              |       |    33 |       |       ||    33
  Use: Scroll            |     7 |     8 |     3 |     4 ||    22
       Potion            |       |     4 |     1 |     3 ||     8
 Stab: Confused          |       |       |     3 |     3 ||     6
       Sleeping          |       |       |     2 |       ||     2
  Eat: Chunk             |     5 |     6 |    13 |     4 ||    28
       Pizza             |       |     1 |       |       ||     1
       Fruit             |       |     5 |     1 |     1 ||     7
       Beef jerky        |       |       |     2 |       ||     2
       Meat ration       |       |       |       |     1 ||     1
Armor: Skin              |    29 |    37 |    79 |    39 ||   184
Dodge: Dodged            |    61 |    69 |   179 |    71 ||   380
